 Dungeon Crawl Stone Soup version 0.26.0-10-g1f06aea511 (webtiles) character file.

Game seed: 16353069419803857358

435 night the Chiller (level 6, -3/45 HPs)
             Began as a Draconian Ice Elementalist on Jan 22, 2021.
             Was a Plaything of Xom.
             Succumbed to a gnoll's poison
             ... on level 5 of the Dungeon.
             The game lasted 00:09:48 (4521 turns).

night the Chiller (Draconian Ice Elementalist)      Turns: 4521, Time: 00:09:49

Health: -3/45      AC:  7    Str:  6 (8)  XL:     6   Next: 68%
Magic:  10/13      EV: 12    Int: 24      God:    Xom [...*..]
Gold:   206        SH:  0    Dex: 10 (11) Spells: 7/14 levels left

rFire    + . .     SeeInvis .   A - +2 halberd (protect)
rCold    x . .     Faith    .   (shield currently unavailable)
rNeg     . . .     Spirit   .   (armour unavailable)
rPois    .         Reflect  .   (helmet restricted)
rElec    +         Harm     .   (no cloak)
rCorr    .         Rampage  .   (no gloves)
Will     .....                  y - +0 pair of boots
Stlth    ++........             (no amulet)
HPRegen  0.15/turn              i - +6 ring of intelligence
MPRegen  0.13/turn              o - ring of fire

@: lethally poisoned (-3 -> -38), frozen ramparts, slowed, invisible, very slow
A: unfitting armour, electricity resistance, weak 1, cold-blooded, AC +6
a: Renounce Religion


You were on level 5 of the Dungeon.
You worshipped Xom.
You were a favourite toy of Xom.
You visited 1 branch of the dungeon, and saw 5 of its levels.

You collected 206 gold pieces.

Inventory:

Hand Weapons
 f - a +2 dagger of venom
 A - a +2 halberd of protection (weapon)
Missiles
 b - 171 stones
 g - 5 boomerangs
 m - 24 arrows
 n - 23 sling bullets
 s - 21 bolts
 v - 46 poisoned darts (quivered)
Armour
 y - a +0 pair of boots (worn)
Jewellery
 i - a +6 ring of intelligence (left hand)
 o - a ring of fire (right hand)
Wands
 w - a wand of flame (19)
Scrolls
 c - 3 scrolls of amnesia
 h - a scroll of fog {unknown}
 k - a scroll of enchant weapon
 p - a scroll of noise {unknown}
 q - 3 scrolls of immolation {unknown}
 t - 2 scrolls of fear {unknown}
 u - 5 scrolls of identify
Potions
 a - a potion of might
 e - a potion of haste
 j - a potion of cancellation {unknown}
 l - a potion of attraction {unknown}
 r - a potion of invisibility
 x - a potion of ambrosia {unknown}


   Skills:
 - Level 1.7 Dodging
 - Level 1.7 Stealth
 + Level 4.9 Spellcasting
 + Level 6.3 Ice Magic


You had 7 spell levels left.
You knew the following spells:

 Your Spells              Type           Power        Failure   Level
a - Freeze                Ice            100%         1%          1
b - Frozen Ramparts       Ice            72%          1%          3
c - Ozocubu's Armour      Ice            36%          1%          3

Your spell library contained the following spells:

 Spells                   Type           Power        Failure   Level
 Hailstorm                Conj/Ice       21%          24%         4
 Summon Ice Beast         Ice/Summ       21%          24%         4


Dungeon Overview and Level Annotations

Branches:
Dungeon (5/15)
 Temple: D:4-7

Altars:
Trog
Xom


Innate Abilities, Weirdness & Mutations

Your plain brown scales are hard. (AC +6)
You cannot fit into any form of body armour.
You are cold-blooded and may be slowed by cold attacks.
You are resistant to electric shocks. (rElec)
You are weak. (Str -2)


Message History

You kill the gnoll!
The gnoll throws a stone.
The stone hits you but does no damage. What are your orders? t - Shout!
Orders for allies: a - Attack new target. r - Retreat! s - Stop attacking. g - Guard the area. f - Follow me.
Anything else - Cancel.
Gang up on whom?
Press: ? - help, Dir - move target, f - gnoll
Aim: a gnoll, wielding a +0 dagger and quivering 15 stones Attack!
* * * LOW HITPOINT WARNING * * *
You feel very sick.
Your shadow imp gestures at the gnoll.
The gnoll writhes in agony.
The gnoll throws a stone.
The stone misses you.
It was a potion of invisibility.
You fade into invisibility!
You die...
Xom thinks this is hilarious!

.................#...
........................
........................
............[...........
......................##
..........(...........##
.........(.##..........#
.........!(.(..........#
......)@......#....#....
.###..#..##........#....
#...).## ...###.......
#g##... ..##......... ..
##.. ............. ..
##.. ...........## . ..
...$.###...# .........
.....# . .....#


You could see a gnoll.

Vanquished Creatures
  A sky beast (D:5)
  A hound (D:4)
  A bullfrog skeleton (D:4)
  3 worker ants (D:4)
  Robin (D:2)
  7 gnolls
  A howler monkey skeleton (D:5)
  3 adders
  A worm (D:2)
  3 dart slugs
  4 leopard geckos
  6 bats
  6 giant cockroaches
  17 goblins
  6 hobgoblins
  12 kobolds
  A quokka (D:2)
  A ball python (D:1)
  5 frilled lizards
  11 rats
91 creatures vanquished.

Vanquished Creatures (collateral kills)
  A gnoll (D:5)
1 creature vanquished.

Grand Total: 92 creatures vanquished

Notes
Turn   | Place    | Note
-------+----------+-------------------------------------------
     0 | D:1      | night the Draconian Ice Elementalist began the quest for
                  | the Orb.
     0 | D:1      | Reached XP level 1. HP: 14/14 MP: 3/3
   267 | D:1      | Reached XP level 2. HP: 19/20 MP: 3/5
   905 | D:1      | Reached XP level 3. HP: 26/26 MP: 4/7
   909 | D:1      | Learned a level 3 spell: Frozen Ramparts
   913 | D:1      | Learned a level 3 spell: Ozocubu's Armour
  1284 | D:2      | Noticed Robin
  1305 | D:1      | Gained mutation: You are weak. (Str -2) [potion of
                  | mutation]
  1305 | D:1      | Gained mutation: You are resistant to electric shocks.
                  | (rElec) [potion of mutation]
  1384 | D:2      | Killed Robin
  1385 | D:2      | Reached XP level 4. HP: 18/33 MP: 4/8
  1924 | D:2      | Found a faded altar of an unknown god.
  1941 | D:2      | Reached skill level 5 in Ice Magic
  2239 | D:2      | Became a worshipper of Xom of Chaos
  2339 | D:3      | XOM: divination: magic mapping
  2523 | D:3      | Found a shimmering altar of Xom.
  2856 | D:3      | Found a bloodstained altar of Trog.
  3082 | D:4      | XOM: potion effect (haste)
  3091 | D:4      | Reached XP level 5. HP: 29/38 MP: 5/10
  3783 | D:4      | Reached XP level 6. HP: 25/45 MP: 6/12
  4206 | D:5      | Entered Level 5 of the Dungeon
  4329 | D:5      | Reached skill level 6 in Ice Magic
  4388 | D:5      | XOM: 2-stop teleportation journey
  4442 | D:5      | Noticed a sky beast
  4448 | D:5      | Killed a sky beast
  4511 | D:5      | XOM: summons friendly shadow imp
  4520 | D:5      | HP: 1/45 [poisoned by a gnoll]
  4521 | D:5      | Succumbed to a gnoll's poison

Illustrated notes

Levels and vault maps discovered:
D:1:      lightli_arrival_windingriver, layout_loops_cross,
          grunt_decor_one_mirror
D:2:      layout_basic, chequers_ecumenical_altar_simple_redux, uniq_robin
D:3:      layout_loops_cross, marbit_many_paths, bloody_trog,
          kennysheep_cluttered_room
D:4:      layout_basic, kennysheep_generic_room_14
D:5:      layout_cave_pools, lemuel_coloured_pillars_altar,
          minmay_temple_entry_mini_moons, serial_shops, nicolae_shop_trees

Skill      XL: |  1  2  3  4  5  6 |
---------------+-------------------+-----
Spellcasting   | 3 4 |  4.9
Ice Magic      | 5 6 |  6.3
Dodging        | |  1.7
Stealth        | |  1.7

Action                   |  1- 3 |  4- 6 || total
-------------------------+-------+-------++-------
Melee: Unarmed           |    16 |       ||    16
       Tailslap          |     3 |     9 ||    12
       Club              |    15 |       ||    15
       Dagger            |    30 |    79 ||   109
       Halberd           |       |     4 ||     4
       Battleaxe         |       |     1 ||     1
Throw: Dart              |       |     4 ||     4
 Cast: Freeze            |    27 |     2 ||    29
       Frozen Ramparts   |     4 |    15 ||    19
       Ozocubu's Armour  |       |     1 ||     1
  Use: Scroll            |     4 |       ||     4
       Potion            |     3 |     4 ||     7
 Stab: Sleeping          |     1 |     2 ||     3
Armor: Skin              |    30 |    27 ||    57
Dodge: Dodged            |    56 |    78 ||   134
